Map: Cerulean Fall LE

Players

cvrlos

  • Race: Protoss Protoss
  • League: Diamond
  • Spawn Location: 7:00

HiveMind - Winner!

  • Race: Zerg Zerg
  • League: Diamond
  • Spawn Location: 1:00

VOD

Have the link to the VOD?

Description

Time

  • Played on: Jan. 5, 2019, 4:11 a.m.
  • Length: 8:30
Show
View Real Time Build Order
Export as new Build Order

cvrlos Protoss 

Build Orders: 1 Gate Expand 

Get SALT Encoding   

  12  0:01  Probe  
  13  0:13  Probe  
  14  0:20  Pylon  
  14  0:25  Probe  
  15  0:39  Probe, Gateway  
  15  0:48  Probe  
  17  0:58  Probe  
  18  1:04  Assimilator  
  18  1:10  Probe  
  19  1:30  Zealot  
  21  1:34  Nexus  
  21  1:44  Cybernetics Core  
  21  1:51  Gateway  
  21  1:58  Zealot  
  23  2:09  Pylon  
  23  2:25  Assimilator  
  23  2:26  Adept  
  23  2:27  Probe  
  26  2:30  Warp Gate  
  26  2:39  Probe  
  27  2:47  Probe  
  27  2:50  Assimilator  
  28  2:55  Probe  
  28  2:58  Stalker  
  30  3:03  Probe  
  30  3:04  Shield Battery  
  31  3:05  Probe  
  31  3:11  Probe  
  33  3:14  Probe  
  35  3:23  Twilight Council  
  35  3:35  Gateway  
  35  3:39  Gateway  
  35  3:44  Resonating Glaives  
  35  3:46  Probe, Sentry  
  37  3:49  Probe  
  37  3:54  Probe  
  39  4:01  Probe  
  41  4:04  Probe  
  42  4:13  Probe  
  42  4:16  Probe  
  44  4:28  Pylon  
  44  4:29  Pylon  
  44  4:31  Pylon  
  44  4:32  Pylon  
  44  4:38  Adept  
  46  4:47  Adept x3  
  52  5:01  Adept  
  54  5:08  Adept x3  
  54  5:10  Probe  
  54  5:13  Probe  
  62  5:18  Probe  
  62  5:25  Probe  
  64  5:29  Adept x4  
  72  5:37  Probe  
  73  5:49  Adept  
  75  5:50  Adept  
  64  6:20  Adept x4  
  71  6:50  Probe x2  
  73  6:58  Probe x2  
  71  7:07  Adept x2  
  71  7:08  Probe  
  77  7:14  Probe  
  77  7:20  Probe, Nexus  
  77  7:21  Pylon  
  76  7:24  Pylon  
  76  7:26  Probe  
  77  7:32  Probe  
  74  7:38  Probe  
  35  8:11  Gateway  
  35  8:12  Gateway  
  35  8:16  Stalker x2  
  35  8:17  Stalker x2  
  35  8:18  Gateway x2  
  43  8:20  Gateway  
Show
View Real Time Build Order
Export as new Build Order

HiveMind Zerg - Winner!

Build Orders: Pool First 

Get SALT Encoding   

  12  0:01  Drone  
  13  0:13  Overlord  
  13  0:18  Drone  
  14  0:31  Drone  
  14  0:32  Drone  
  16  0:37  Drone  
  17  0:56  Spawning Pool  
  16  0:57  Extractor  
  15  1:12  Hatchery  
  15  1:15  Drone  
  15  1:20  Drone  
  15  1:25  Drone  
  17  1:29  Drone  
  18  1:40  Overlord  
  18  1:51  Queen  
  20  2:04  Zergling x4  
  20  2:05  Metabolic Boost  
  22  2:10  Zergling x2  
  23  2:30  Hatchery  
  22  2:40  Queen  
  24  2:56  Drone  
  24  2:57  Drone x4  
  29  2:59  Drone  
  30  3:17  Overlord  
  30  3:21  Drone  
  30  3:22  Drone x3  
  30  3:25  Extractor  
  33  3:32  Lair  
  33  3:41  Roach Warren  
  33  3:46  Queen  
  34  3:52  Drone x2  
  36  4:10  Pneumatized Carapace  
  36  4:15  Drone  
  36  4:16  Drone x5  
  42  4:19  Drone x3  
  45  4:27  Drone x3  
  45  4:29  Drone  
  49  4:35  Overlord  
  49  4:45  Zergling x2  
  50  4:49  Overlord  
  50  4:50  Overlord  
  50  4:57  Zergling x14  
  57  5:02  Zergling x2  
  57  5:04  Overlord  
  57  5:05  Overlord  
  58  5:18  Zergling x4  
  58  5:19  Zergling x12  
  65  5:33  Zergling x14  
  65  5:34  Zergling x6  
  75  5:47  Roach x5  
  84  6:03  Zergling x2  
  72  6:19  Roach x9  
  79  6:35  Glial Reconstitution, Hydralisk Den  
  79  6:39  Evolution Chamber  
  74  6:41  Roach  
  74  6:42  Roach x7  
  74  6:43  Evolution Chamber  
  89  6:56  Ravager  
  89  7:07  Overlord x5  
  79  7:25  Zergling x20  
  85  7:39  Zergling x18  
  83  7:51  Roach, Zergling x2  
  83  7:52  Roach  
  84  8:02  Zergling x12  
  84  8:03  Zergling x10  
  93  8:12  Drone x3  
Tags
 
Add a new tag
Caveats
  • Supply blocks, unpowered buildings, or Contaminate may cause inaccurate times.
  • Supply counts are checked every 10 seconds.